 Dungeon Crawl Stone Soup version 0.20-a0-1063-gb8e8b7e (webtiles) character file.

3467 AlphabetPasta the Destroyer (level 10, 0/58 HPs)
             Began as a Halfling Conjurer on Apr 27, 2017.
             Was a Believer of Vehumet.
             Slain by a bullfrog (8 damage)
             ... on level 7 of the Dungeon.
             The game lasted 00:55:16 (12671 turns).

AlphabetPasta the Destroyer (Halfling Conjurer)    Turns: 12671, Time: 00:55:17

Health: 0/58       AC:  3    Str:  9    XL:     10   Next: 27%
Magic:  20/20      EV: 15    Int: 16    God:    Vehumet [**....]
Gold:   413        SH:  0    Dex: 16    Spells: 5/23 levels left

rFire    . . .     SeeInvis .   J - +0 dagger (venom)
rCold    . . .     Gourm    .   (shield restricted)
rNeg     . . .     Faith    .   a - +1 robe
rPois    .         Spirit   .   (no helmet)
rElec    .         Reflect  .   (no cloak)
rCorr    .         Harm     .   (no gloves)
MR       +....                  (no boots)
Stlth    ++........             (no amulet)
Regen    0.2/turn               r - +2 ring of slaying
MPRegen  0.2/turn               z - ring of protection from magic

@: no status effects
A: mutation resistance 1
a: Renounce Religion


You were on level 7 of the Dungeon.
You worshipped Vehumet.
Vehumet was pleased with you.
You were not hungry.

You visited 2 branches of the dungeon, and saw 9 of its levels.
You also visited: Ossuary.

You collected 413 gold pieces.

Inventory:

Hand Weapons
 h - a +0 short sword
 i - a cursed +0 blowgun
 j - a +0 hunting sling
 m - a +0 hunting sling
 t - a +3 dagger
 J - a +0 dagger of venom (weapon)
Missiles
 l - 45 poisoned needles
 G - 17 sling bullets
Armour
 a - a +1 robe (worn)
 E - a +0 buckler
Jewellery
 r - a +2 ring of slaying (left hand)
 u - an uncursed ring of resist corrosion
 w - an uncursed ring of ice
 z - a ring of protection from magic (right hand)
Wands
 c - a wand of confusion (31/48)
 o - a wand of random effects (20/48)
 y - a wand of paralysis (12/24)
 C - a wand of digging (10/24)
 I - a wand of acid (2/15)
Scrolls
 f - 3 scrolls of teleportation
 g - 6 scrolls of remove curse
 v - 3 scrolls of enchant weapon
 F - a scroll of fog
Potions
 d - a potion of agility
 e - a potion of resistance
 n - 3 potions of curing
 p - 3 potions of haste
 q - 2 potions of magic
 s - a potion of brilliance
 x - a potion of ambrosia {unknown}
 A - a potion of heal wounds {unknown}
Books
 b - a book of Conjurations

   Spells                             Type                      Level
   a - Magic Dart                     Conjuration                  1
   b - Searing Ray                    Conjuration                  2
   c - Dazzling Spray                 Conjuration/Hexes            3
   d - Fulminant Prism                Conjuration/Hexes            4
   e - Force Lance                    Conjuration/Translocation    4
   f - Iskenderun's Mystic Blast      Conjuration                  4
 D - a Young Poisoner's Handbook

   Spells                             Type                      Level
   a - Sting                          Conjuration/Poison           1
   b - Poisonous Vapours              Poison/Air                   2
   c - Mephitic Cloud                 Conjuration/Poison/Air       3
   d - Olgreb's Toxic Radiance        Poison                       4
   e - Venom Bolt                     Conjuration/Poison           5
 H - a book of Flames

   Spells                             Type                      Level
   a - Flame Tongue                   Conjuration/Fire             1
   b - Throw Flame                    Conjuration/Fire             2
   c - Conjure Flame                  Conjuration/Fire             3
   d - Inner Flame                    Hexes/Fire                   3
   e - Sticky Flame                   Conjuration/Fire             4
   f - Fireball                       Conjuration/Fire             5
Comestibles
 k - 6 meat rations
 B - 2 bread rations


   Skills:
 - Level 1.1 Fighting
 - Level 2.4 Short Blades
 - Level 1.3 Slings
 - Level 2.1 Dodging
 - Level 2.1 Stealth
 + Level 3.2 Shields
 * Level 7.0 Spellcasting
 * Level 8.1 Conjurations
 + Level 4.1 Fire Magic
 - Level 1.3 Evocations


You had 5 spell levels left.
You knew the following spells:

 Your Spells              Type           Power        Failure   Level  Hunger
a - Magic Dart            Conj           ####         1%          1    None
b - Searing Ray           Conj           ####..       1%          2    None
c - Dazzling Spray        Conj/Hex       ###...       7%          3    ##.....
d - Iskenderun's Mystic   Conj           ####....     4%          4    ####...
e - Flame Tongue          Conj/Fire      ####.        1%          1    None
f - Mephitic Cloud        Conj/Pois/Air  ##......     12%         3    ##.....
g - Sticky Flame          Conj/Fire      ####....     10%         4    ####...


Dungeon Overview and Level Annotations

Branches:
Dungeon (8/15)             Temple (1/1) D:4
   Lair: D:8-11

Altars:
Ashenzari
Cheibriados
Dithmenos
Elyvilon
Fedhas
Gozag
Hepliaklqana
Kikubaaqudgha
Makhleb
Nemelex Xobeh
Okawaru
Qazlal
Ru
Sif Muna
Trog
Uskayaw
Vehumet
Wu Jian
Xom
Yredelemnul
Zin
The Shining One

Shops:
D:7 :

Annotations:
D:4 Wdx2's ghost, amateur TrFi


Innate Abilities, Weirdness & Mutations

You are small and have problems with some larger weapons.
You are somewhat resistant to further mutation.


Message History

The bullfrog hits you. The bullfrog hits you.
The orc wizard casts a spell.
The orc wizard blinks!
The bullfrog misses you.
The orc wizard mumbles some strange words.
The orc wizard blinks!
There is a stone staircase leading up here.
The bullfrog hits you.
* * * LOW HITPOINT WARNING * * *
The orc wizard points at you and mumbles some strange words.
The magic dart hits you!
* * * LOW HITPOINT WARNING * * *
You climb upwards.
There is a stone staircase leading down here.
You feel better. The bullfrog hits you.
* * * LOW HITPOINT WARNING * * *
The orc wizard hits you but does no damage.
The bullfrog hits you!
You die...

####..)......#####.
##....(...(.(<(..[
#...∩..(....##)##.
#.....<.....##....
#........(.######[
#.......!...# #.
#.........#.# #.
#F........#.#####.
#@........#....###
#.o.......####....
#.........# #####
#.........#
##.<.....##
##.....## #######


You could see a bullfrog and an orc wizard.

Vanquished Creatures
  A hippogriff (D:8)
  5 humans (D:7)
  A hungry ghost (D:7)
  An orc warrior (D:7)
  3 water moccasins
  A phantom (D:6)
  An ice beast (D:6)
  2 sky beasts
  3 centaurs
  3 ogres
  A big kobold (D:8)
  2 elf zombies (Ossuary)
  4 bullfrogs
  A scorpion (D:7)
  3 centaur zombies
  A hound (D:5)
  2 human zombies (Ossuary)
  4 orc priests
  A centaur skeleton (D:5)
  An orc wizard (D:7)
  4 worker ants
  A hound zombie (D:6)
  3 mummies
  5 adders
  2 adder zombies
  An adder skeleton (D:6)
  5 worms
  3 dart slugs
  10 leopard geckos
  25 orcs
  2 ball pythons
  7 bats
  5 giant cockroaches
  8 goblins
  6 hobgoblins
  7 jackals
  2 quokkas (D:6)
  10 frilled lizards
  2 goblin zombies (Ossuary)
  8 hobgoblin zombies (Ossuary)
  15 kobolds
  12 kobold zombies (Ossuary)
  A leopard gecko skeleton (D:4)
  8 orc zombies (Ossuary)
  A quokka skeleton (D:5)
  9 rats
203 creatures vanquished.

Notes
Turn   | Place    | Note
-------+----------+-------------------------------------------
     0 | D:1      | AlphabetPasta the Halfling Conjurer began the quest for the Orb.
     0 | D:1      | Reached XP level 1. HP: 11/11 MP: 3/3
   240 | D:1      | Reached XP level 2. HP: 17/17 MP: 0/4
   247 | D:1      | Learned a level 2 spell: Searing Ray
   942 | D:1      | Reached XP level 3. HP: 18/21 MP: 0/6
  1029 | D:1      | Learned a level 3 spell: Dazzling Spray
  1937 | D:2      | Reached XP level 4. HP: 27/27 MP: 2/7
  2092 | D:2      | Reached skill level 1 in Short Blades
  2995 | D:3      | Reached skill level 4 in Conjurations
  2995 | D:3      | Reached XP level 5. HP: 31/31 MP: 7/9
  3332 | D:3      | Found a burning altar of Makhleb.
  3534 | D:3      | Found a faded altar of an unknown god.
  4197 | D:3      | Learned a level 4 spell: Iskenderun's Mystic Blast
  4527 | D:3      | Found a glowing golden altar of the Shining One.
  5079 | D:4      | Found a white marble altar of Elyvilon.
  5136 | D:4      | Noticed Wdx2's ghost (amateur TrFi)
  5158 | D:4      | Found a sand-covered staircase.
  5189 | Ossuary  | Entered an ossuary
  5564 | Ossuary  | Reached XP level 6. HP: 37/37 MP: 6/10
  5959 | Ossuary  | Reached skill level 1 in Fighting
  6534 | Ossuary  | Reached XP level 7. HP: 41/43 MP: 4/12
  6589 | Ossuary  | Reached skill level 1 in Slings
  6589 | Ossuary  | Reached skill level 5 in Conjurations
  7129 | D:4      | Found a staircase to the Ecumenical Temple.
  7156 | Temple   | Entered the Ecumenical Temple
  7188 | Temple   | Became a worshipper of Vehumet
  7789 | D:5      | Entered Level 5 of the Dungeon
  8314 | D:5      | Reached XP level 8. HP: 48/48 MP: 8/14
  8561 | D:5      | Reached skill level 1 in Evocations
  9046 | D:6      | Reached skill level 5 in Spellcasting
  9046 | D:6      | Reached skill level 6 in Conjurations
  9164 | D:6      | Reached * piety under Vehumet
  9164 | D:6      | Offered knowledge of Flame Tongue by Vehumet.
  9168 | D:6      | Learned a level 1 spell: Flame Tongue
  9273 | D:6      | Got an ichor-stained quarterstaff
  9274 | D:6      | Identified the cursed +0 quarterstaff of the Evening {crush, Stlth+} (You found it on level 6 of the Dungeon)
  9570 | D:6      | Reached skill level 1 in Fire Magic
  9845 | D:6      | Reached XP level 9. HP: 30/53 MP: 12/17
  9941 | D:6      | Learned a level 3 spell: Mephitic Cloud
 10248 | D:7      | Found Yduogre's Book Boutique.
 10260 | D:7      | Reached skill level 7 in Conjurations
 10663 | D:7      | Reached skill level 1 in Shields
 11601 | D:7      | Reached XP level 10. HP: 50/58 MP: 11/19
 11757 | D:7      | Learned a level 4 spell: Sticky Flame
 12299 | D:8      | Reached skill level 8 in Conjurations
 12371 | D:8      | Reached ** piety under Vehumet
 12371 | D:8      | Offered knowledge of Shock by Vehumet.
 12671 | D:7      | Slain by a bullfrog

Vault maps used:
D:1:      dpeg_arrival_rhombus
D:3:      bloody_makhleb, chequers_ecumenical_altar_grove, tso_altar
D:4:      minmay_temple_entry_glassed_door, gup_ossuary_entry_pyramid,
          elyvilon_altar_3
D:5:      first_bread, hex_tiny, hangedman_abyss_or_decor_stabs,
          serial_park_tiny_pond
D:6:      hangedman_decor_diamond_cutter
D:7:      serial_shops, shop, minmay_ruffians
Temple:   nicolae_temple_the_god_donut
Ossuary:  ossuary_tomb_1

Skill      XL: |  1  2  3  4  5  6  7  8  9 10 |
---------------+-------------------------------+-----
Spellcasting   | 2 3 4 5 6 7 |  7.0
Short Blades   | 1 2 |  2.4
Conjurations   | 4 5 6 7 8 |  8.1
Fighting       | 1 |  1.1
Slings         | 1 |  1.3
Evocations     | 1 |  1.3
Fire Magic     | 1 3 4 |  4.1
Shields        | 2 3 |  3.2
Dodging        | |  2.1
Stealth        | |  2.1

Action                   |  1- 3 |  4- 6 |  7- 9 | 10-12 || total
-------------------------+-------+-------+-------+-------++-------
Melee: Unarmed           |    19 |       |       |       ||    19
       Short sword       |     5 |     7 |       |       ||    12
       Dagger            |       |    30 |    34 |     1 ||    65
 Cast: Magic Dart        |    68 |   179 |   117 |    35 ||   399
       Searing Ray       |     1 |    20 |    46 |     9 ||    76
       Dazzling Spray    |       |       |     2 |       ||     2
       Mephitic Cloud    |       |       |     4 |     3 ||     7
Evoke: Wand              |       |     1 |     2 |       ||     3
  Use: Scroll            |     4 |     6 |    10 |       ||    20
       Potion            |       |       |       |     1 ||     1
 Stab: Paralysed         |       |     2 |       |       ||     2
       Confused          |       |       |     2 |       ||     2
       Sleeping          |       |       |     1 |       ||     1
  Eat: Chunk             |     5 |     9 |     7 |     1 ||    22
       Royal jelly       |       |     2 |     1 |       ||     3
       Bread ration      |       |     1 |     1 |     1 ||     3
       Fruit             |       |       |     2 |       ||     2
Armor: Robe              |     7 |     9 |    10 |     4 ||    30
Dodge: Dodged            |    20 |    37 |    78 |    27 ||   162
